 Dungeon Sprint DCSS version 0.17-a0-1719-g1afd5a1 (webtiles) character file.

62940 Kidiri the Imperceptible (level 13, 0/55 HPs)
             Began as a Spriggan Enchanter on Aug 27, 2015.
             Was the Champion of Dithmenos.
             Slain by a sixfirhy (9 damage)
             ... summoned by an orc high priest
             ... in the Dungeon (Sprint III: "The Ten Rune Challenge").
             The game lasted 00:19:16 (3941 turns).

Kidiri the Imperceptible (Spriggan Enchanter)       Turns: 3941, Time: 00:19:16

Health: 0/55       AC: 11    Str:  6    XL:     13   Next: 44%
Magic:  13/36      EV: 36    Int: 22    God:    Dithmenos [******]
Gold:   43         SH:  0    Dex: 19    Spells: 5 memorised, 36 levels left

rFire  + . .     SeeInvis +     m - +0 dagger (drain)
rCold  + . .     Rnd*Rage +     n - +2 robe {rC+ rF+}
rNeg   . . .     SustAt   .     (shield restricted)
rPois  .         Gourm    .     o - +0 hat {Int+3}
rElec  .         Spirit   .     l - +1 cloak
rCorr  .         Warding  .     (gloves unavailable)
rMut   .         NoTele   +     (boots unavailable)
MR     ++...                    (no amulet)
Stlth  ++++++++++               (no ring)
                                (no ring)

@: exhausted, slowed, wreathed by umbra, quick, very resistant to hostile
enchantments, uncannily stealthy
A: unfitting armour, icy blue scales 1, iridescent scales 1, see invisible,
berserk 1, herbivore 3, speed 3, slow metabolism 2, strong 1, evolution 1, no
device heal 1
a: Shadow Step, Shadow Form, Renounce Religion
}: 2/10 runes: serpentine, barnacled


You were in the Dungeon.
You worshipped Dithmenos.
Dithmenos was exalted by your worship.
You were not hungry.

You visited 1 branch You collected 43 gold pieces.

Inventory:

Hand weapons
 a - a +1 dagger
 m - a +0 dagger of draining (weapon)
Armour
 l - a +1 cloak (worn)
 n - a +2 robe of resistance (worn)
 o - a +0 hat of intelligence (worn)
Magical devices
 k - a wand of digging (19)
Scrolls
 j - a scroll of blinking
 p - 3 scrolls of remove curse
Potions
 c - 4 potions of might
 e - 3 potions of curing
 f - a potion of heal wounds
 g - a potion of haste
 h - 2 potions of magic
 i - 2 potions of berserk rage
 q - 5 potions of cure mutation
 r - 2 potions of flight
Comestibles
 b - 6 fruits
 d - a bread ration
 t - 26 royal jellies


   Skills:
 + Level 12.5 Short Blades
 * Level 20.8 Dodging
 * Level 22.4 Stealth
 * Level 18.1 Spellcasting
 + Level 8.6 Conjurations
 + Level 13.9 Hexes
 + Level 9.7 Ice Magic
 + Level 10.9 Invocations


You had 36 spell levels left.
You knew the following spells:

 Your Spells              Type           Power        Failure   Level  Hunger
a - Corona                Hex            ######.      0%          1    None
b - Ensorcelled Hibernat  Hex/Ice        ######       1%          2    None
c - Confuse               Hex            ######..     1%          3    None
d - Tukima's Dance        Hex            ######..     1%          3    None
e - Dazzling Spray        Conj/Hex       ######..     1%          3    None


Dungeon Overview and Level Annotations

Branches:
Dungeon (1/1)

Altars:
Cheibriados
Dithmenos
Elyvilon
Fedhas
Gozag
Kikubaaqudgha
Makhleb
Nemelex Xobeh
Okawaru
Qazlal
Ru
Sif Muna
Trog
Vehumet
Xom
Yredelemnul
Zin
The Shining One
Jiyva
Lugonu

Shops:
D =![=[}!


Innate Abilities, Weirdness & Mutations

You are tiny and cannot use many weapons and most armour.
You have supernaturally acute eyesight.
You are a herbivore.
You cover ground extremely quickly.
You need consume almost no food.
You are partially covered in icy blue scales (AC +1).
You are partially covered in iridescent scales (AC +4).
You tend to lose your temper in combat.
Your muscles are strong. (Str +2)
You evolve.
Potions and wands are less effective at restoring your health.


Message History

Confirm with . or Enter, or press ? or * to list all spells.
Aiming: Dazzling Spray
Press: ? - help, Shift-Dir - straight line, p - sixfirhy
Okay, then.
The sixfirhy is no longer blind.
The sixfirhy misses you. The sixfirhy hits you!
You emit a cloud of dark smoke.
The sixfirhy shocks you!
* * * LOW HITPOINT WARNING * * *
The sixfirhy completely misses you.
Unknown command.
Casting: Dazzling Spray
Confirm with . or Enter, or press ? or * to list all spells.
Aiming: Tukima's Dance
Press: ? - help, Shift-Dir - straight line, f - orc high priest, p - sixfirhy
Aim: an orc high priest, wielding an enchanted trident and wearing a leather armour (moderately wounded, umbra, chance to defeat MR: 80%)
The enchanted trident dances into the air!
The sixfirhy hits you but does no damage.
The sixfirhy completely misses you. The sixfirhy hits you.
* * * LOW HITPOINT WARNING * * *
The sixfirhy shocks you!
You die...

♣.#)..#..)#._#.$o.[...$#
♣.###+#+###+##..)o)...$#
♣.#..........#$$ooo...#$
♣.'.⌠........#o∩o##$#$$#
..#...######'#o§#$# # #
..#.⌠.#__#...#o##################
..#...#__#...#oo(§§'.#.)...'.#.#.
..#+###__#...#§#§4§#.#.#...##.#.#
..#?))#__#...'.#@§§#.#.#.).#.#.#.
..#___#_.+...#.#§§§#.(.#...##.#.#
▓▓▓▓▓▓▓▓▓▓▓▓▓▓▓▓▓▓▓▓▓▓▓▓▓▓▓#.#.#.
♣.....♣♣♣♣≈≈≈........≈≈≈...##.#.#
♣.≈≈≈≈+♣♣+♣≈≈≈≈≈≈≈≈≈≈≈≈♣♣P.+.#.#.
+.....#.≈♣♣♣♣♣♣♣♣♣♣♣♣♣♣♣♣PP##.#.#
♣♣♣♣♣♣#..♣♣ ♣♣♣##+###
###+♣♣♣♣♣♣♣♣♣♣♣♣♣♣♣ #♣
♣♣♣♣.##..##≈≈≈≈≈≈..#


You could see an orc high priest, a sixfirhy, an orc wizard, an orc and a
friendly enchanted trident.

Vanquished Creatures
  Rupert (D)
  A kraken (D)
  Gastronok (D)
  A greater naga (D)
  Maud (D)
  2 dire elephants (D)
  Josephine (D)
  2 hydras (D)
  A naga warrior (D)
  3 alligator snapping turtles (D)
  A centaur warrior (D)
  5 anacondas (D)
  4 death yaks (D)
  A death drake (D)
  An unseen horror (D)
  A spriggan druid (D)
  A lindwurm (D)
  An orc sorcerer (D)
  A guardian serpent (D)
  2 elephants (D)
  2 spiny frogs (D)
  7 black mambas (D)
  A queen bee (D)
  A fire drake (D)
  A komodo dragon (D)
  3 wandering mushrooms (D)
  8 blink frogs (D)
  A deep elf priest (D)
  3 snapping turtles (D)
  2 spriggans (D)
  A shadow (D)
  3 redbacks (D)
  2 nagas (D)
  A spatial vortex (D)
  4 water moccasins (D)
  An orc warrior (D)
  A swamp drake (D)
  A necrophage (D)
  An earth elemental (D)
  2 centaurs (D)
  2 brain worms (D)
  A water elemental (D)
  32 killer bees (D)
  A jelly (D)
  3 orc priests (D)
  Crazy Yiuf (D)
  A necromancer (D)
  An orc wizard (D)
  A wizard (D)
  A kobold demonologist (D)
  3 humans (D)
  6 adders (D)
  2 oozes (D)
  7 orcs (D)
  2 rats (D)
  A plant (D)
143 creatures vanquished.

Vanquished Creatures (others)
  2 draconian scorchers (D)
  3 yaktaurs (D)
  An electric eel (D)
  2 fungi (D)
  3 plants (D)
  16 tentacles (D)
  72 tentacle segments (D)
99 creatures vanquished.

Grand Total: 242 creatures vanquished

Notes
Turn   | Place    | Note
--------------------------------------------------------------
     0 | D        | Kidiri the Spriggan Enchanter began the quest for the Orb.
     0 | D        | Reached XP level 1. HP: 9/9 MP: 5/5
     4 | D        | Reached skill level 5 in Stealth
    15 | D        | Reached XP level 2. HP: 7/13 MP: 5/7
    19 | D        | Learned a level 2 spell: Ensorcelled Hibernation
   105 | D        | Killed a yaktaur
   245 | D        | Killed a white draconian scorcher
   276 | D        | Killed a white draconian scorcher
   524 | D        | Reached skill level 6 in Stealth
   524 | D        | Reached XP level 3. HP: 12/16 MP: 1/9
   531 | D        | Learned a level 3 spell: Confuse
   535 | D        | Learned a level 3 spell: Tukima's Dance
   603 | D        | Noticed Crazy Yiuf
   624 | D        | Killed Crazy Yiuf
   624 | D        | Reached skill level 5 in Dodging
   624 | D        | Reached skill level 7 in Stealth
   624 | D        | Reached skill level 5 in Spellcasting
   624 | D        | Reached skill level 1 in Ice Magic
   662 | D        | Gained mutation: Potions and wands are less effective at restoring your health. [potion of mutation]
   662 | D        | Gained mutation: Your muscles are strong. (Str +2) [potion of mutation]
   663 | D        | Gained mutation: You are partially covered in iridescent scales (AC +4). [potion of mutation]
   663 | D        | Gained mutation: You tend to lose your temper in combat. [potion of mutation]
   663 | D        | Gained mutation: You evolve. [potion of mutation]
   719 | D        | Noticed a water elemental
   721 | D        | Killed a water elemental
   721 | D        | Reached skill level 8 in Stealth
   721 | D        | Reached skill level 5 in Hexes
   721 | D        | Reached XP level 4. HP: 21/21 MP: 11/13
   726 | D        | Learned a level 3 spell: Dazzling Spray
   820 | D        | Noticed a jelly
   821 | D        | Noticed a shadow
   867 | D        | Killed a shadow
   867 | D        | Reached skill level 9 in Stealth
   867 | D        | Reached skill level 1 in Conjurations
   867 | D        | Reached XP level 5. HP: 17/24 MP: 0/16
   867 | D        | Reached XP level 6. HP: 19/28 MP: 0/17
   898 | D        | Killed a jelly
   898 | D        | Reached skill level 10 in Stealth
  1006 | D        | Found a stormy altar of Qazlal.
  1007 | D        | Found a sacrificial altar of Ru.
  1007 | D        | Found a burning altar of Makhleb.
  1007 | D        | Found a viscous altar of Jiyva.
  1007 | D        | Found a shimmering altar of Xom.
  1007 | D        | Found a shadowy altar of Dithmenos.
  1007 | D        | Found a sparkling altar of Nemelex Xobeh.
  1007 | D        | Found a corrupted altar of Lugonu.
  1007 | D        | Found an opulent altar of Gozag.
  1007 | D        | Noticed a spatial vortex
  1011 | D        | Became a worshipper of Dithmenos the Shadowed
  1039 | D        | Killed a spatial vortex
  1039 | D        | Reached skill level 5 in Short Blades
  1039 | D        | Reached skill level 1 in Invocations
  1126 | D        | Gained mutation: You are partially covered in icy blue scales (AC +1). [evolution]
  1147 | D        | Found a radiant altar of Vehumet.
  1148 | D        | Found a deep blue altar of Sif Muna.
  1148 | D        | Found an ancient bone altar of Kikubaaqudgha.
  1148 | D        | Noticed a wizard
  1149 | D        | Killed a wizard
  1151 | D        | Reached skill level 11 in Stealth
  1170 | D        | Found a glowing silver altar of Zin.
  1171 | D        | Found a glowing golden altar of the Shining One.
  1171 | D        | Found a white marble altar of Elyvilon.
  1171 | D        | Noticed a deep elf priest
  1173 | D        | Killed a deep elf priest
  1173 | D        | Reached skill level 10 in Dodging
  1173 | D        | Reached XP level 7. HP: 32/32 MP: 18/20
  1188 | D        | Found an iron altar of Okawaru.
  1189 | D        | Found a bloodstained altar of Trog.
  1189 | D        | Noticed a human
  1189 | D        | Noticed a human
  1191 | D        | Killed a human
  1191 | D        | Reached skill level 12 in Stealth
  1194 | D        | Killed a human
  1219 | D        | Found a snail-covered altar of Cheibriados.
  1219 | D        | Noticed a necrophage
  1220 | D        | Found a basalt altar of Yredelemnul.
  1220 | D        | Found a blossoming altar of Fedhas.
  1220 | D        | Noticed a necromancer
  1221 | D        | Killed a necrophage
  1221 | D        | Acquired Dithmenos's first power
  1222 | D        | Killed a necromancer
  1222 | D        | Reached XP level 8. HP: 36/36 MP: 22/22
  1243 | D        | Noticed Josephine
  1246 | D        | Killed Josephine
  1246 | D        | Reached skill level 13 in Stealth
  1246 | D        | Reached skill level 10 in Spellcasting
  1266 | D        | Noticed an earth elemental
  1268 | D        | Killed an earth elemental
  1273 | D        | Noticed a centaur
  1273 | D        | Noticed a centaur warrior
  1273 | D        | Noticed a centaur
  1280 | D        | Killed a centaur warrior
  1280 | D        | Acquired Dithmenos's second power
  1280 | D        | Reached skill level 14 in Stealth
  1280 | D        | Reached skill level 5 in Ice Magic
  1280 | D        | Reached XP level 9. HP: 17/39 MP: 19/25
  1282 | D        | Killed a centaur
  1282 | D        | Reached skill level 5 in Invocations
  1288 | D        | Killed a centaur
  1518 | D        | Noticed an unseen horror
  1520 | D        | Killed an unseen horror
  1520 | D        | Reached skill level 15 in Stealth
  1530 | D        | Noticed a killer bee
  1530 | D        | Noticed a killer bee
  1530 | D        | Noticed a killer bee
  1530 | D        | Noticed a killer bee
  1530 | D        | Noticed a killer bee
  1530 | D        | Noticed a killer bee
  1530 | D        | Noticed a killer bee
  1530 | D        | Noticed a killer bee
  1530 | D        | Noticed a killer bee
  1530 | D        | Noticed a killer bee
  1530 | D        | Noticed a killer bee
  1530 | D        | Noticed a killer bee
  1530 | D        | Noticed a killer bee
  1530 | D        | Noticed a killer bee
  1530 | D        | Noticed a killer bee
  1532 | D        | Noticed a killer bee
  1532 | D        | Killed a killer bee
  1533 | D        | Noticed a killer bee
  1534 | D        | Noticed a killer bee
  1534 | D        | Noticed a killer bee
  1534 | D        | Killed a killer bee
  1534 | D        | Acquired Dithmenos's third power
  1535 | D        | Noticed a queen bee
  1535 | D        | Noticed a killer bee
  1536 | D        | Noticed a killer bee
  1536 | D        | Noticed a killer bee
  1536 | D        | Killed a killer bee
  1537 | D        | Noticed a killer bee
  1537 | D        | Noticed a killer bee
  1539 | D        | Noticed a killer bee
  1539 | D        | Noticed a killer bee
  1540 | D        | Noticed a killer bee
  1540 | D        | Killed a killer bee
  1542 | D        | Noticed a killer bee
  1543 | D        | Noticed a killer bee
  1543 | D        | Killed a killer bee
  1545 | D        | Noticed a killer bee
  1545 | D        | Killed a killer bee
  1547 | D        | Killed a killer bee
  1551 | D        | Killed a killer bee
  1551 | D        | Acquired Dithmenos's fourth power
  1554 | D        | Noticed a killer bee
  1554 | D        | Killed a killer bee
  1687 | D        | Noticed a killer bee
  1688 | D        | Killed a killer bee
  1690 | D        | Killed a killer bee
  1693 | D        | Killed a killer bee
  1693 | D        | Reached skill level 5 in Conjurations
  1695 | D        | Killed a killer bee
  1697 | D        | Killed a killer bee
  1700 | D        | Killed a killer bee
  1703 | D        | Killed a killer bee
  1705 | D        | Killed a killer bee
  1705 | D        | Reached XP level 10. HP: 44/44 MP: 4/27
  1707 | D        | Killed a killer bee
  1739 | D        | Killed a yaktaur
  1840 | D        | Killed a killer bee
  1841 | D        | Killed a killer bee
  1841 | D        | Killed a killer bee
  1844 | D        | Killed a killer bee
  1847 | D        | Killed a killer bee
  1849 | D        | Killed a killer bee
  1851 | D        | Killed a killer bee
  1853 | D        | Killed a killer bee
  1855 | D        | Killed a killer bee
  1857 | D        | Killed a killer bee
  1859 | D        | Killed a killer bee
  1861 | D        | Killed a killer bee
  1863 | D        | Killed a killer bee
  1998 | D        | Killed a queen bee
  1998 | D        | Reached skill level 16 in Stealth
  2011 | D        | Killed a killer bee
  2094 | D        | Noticed a wandering mushroom
  2095 | D        | Noticed a wandering mushroom
  2095 | D        | Noticed a wandering mushroom
  2096 | D        | Killed a wandering mushroom
  2098 | D        | Killed a wandering mushroom
  2098 | D        | Reached skill level 10 in Hexes
  2099 | D        | Killed a wandering mushroom
  2111 | D        | Killed a yaktaur
  2140 | D        | Noticed a spiny frog
  2140 | D        | Noticed a komodo dragon
  2140 | D        | Noticed a spiny frog
  2143 | D        | Killed a spiny frog
  2143 | D        | Reached skill level 15 in Dodging
  2150 | D        | Killed a spiny frog
  2158 | D        | Killed a komodo dragon
  2356 | D        | Noticed a redback
  2358 | D        | Killed a redback
  2359 | D        | Noticed a brain worm
  2362 | D        | Killed a brain worm
  2365 | D        | Noticed a brain worm
  2367 | D        | Killed a brain worm
  2370 | D        | Noticed a lindwurm
  2372 | D        | Noticed a redback
  2373 | D        | Killed a lindwurm
  2373 | D        | Reached skill level 17 in Stealth
  2375 | D        | Killed a redback
  2381 | D        | Noticed a redback
  2382 | D        | Killed a redback
  2383 | D        | Noticed Maud
  2385 | D        | Killed Maud
  2385 | D        | Reached XP level 11. HP: 47/47 MP: 28/30
  2395 | D        | Noticed an electric eel
  2396 | D        | Noticed a four-headed hydra
  2396 | D        | Noticed a six-headed hydra
  2406 | D        | Killed a six-headed hydra
  2431 | D        | Killed a four-headed hydra
  2431 | D        | Reached skill level 18 in Stealth
  2477 | D        | Killed an electric eel
  2509 | D        | Noticed a death drake
  2512 | D        | Killed a death drake
  2519 | D        | Found a blossoming altar of Fedhas.
  2519 | D        | Noticed a spriggan
  2519 | D        | Noticed a spriggan druid
  2519 | D        | Noticed a spriggan
  2521 | D        | Killed a spriggan druid
  2522 | D        | Killed a spriggan
  2523 | D        | Killed a spriggan
  2558 | D        | Noticed a snapping turtle
  2559 | D        | Noticed a kraken
  2560 | D        | Noticed a snapping turtle
  2560 | D        | Noticed an alligator snapping turtle
  2560 | D        | Noticed an alligator snapping turtle
  2561 | D        | Noticed a snapping turtle
  2561 | D        | Killed a snapping turtle
  2561 | D        | Reached skill level 10 in Short Blades
  2598 | D        | Killed an alligator snapping turtle
  2606 | D        | Killed a snapping turtle
  2934 | D        | Killed a kraken
  2934 | D        | Reached skill level 19 in Stealth
  2934 | D        | Reached skill level 15 in Spellcasting
  2998 | D        | Killed a snapping turtle
  3016 | D        | Noticed an alligator snapping turtle
  3016 | D        | Found Tuejurch's Distillery.
  3016 | D        | Found Udefol's Gadget Shop.
  3016 | D        | Found Pujerye's Antique Armour Emporium.
  3017 | D        | Killed an alligator snapping turtle
  3018 | D        | Killed an alligator snapping turtle
  3018 | D        | Reached XP level 12. HP: 51/51 MP: 24/32
  3025 | D        | Got a barnacled rune of Zot
  3135 | D        | Noticed a swamp drake
  3135 | D        | Noticed a fire drake
  3136 | D        | Killed a fire drake
  3138 | D        | Killed a swamp drake
  3148 | D        | Noticed a blink frog
  3149 | D        | Noticed a blink frog
  3149 | D        | Noticed a blink frog
  3149 | D        | Noticed a blink frog
  3149 | D        | Noticed a blink frog
  3150 | D        | Killed a blink frog
  3155 | D        | Killed a blink frog
  3159 | D        | Killed a blink frog
  3160 | D        | Killed a blink frog
  3165 | D        | Killed a blink frog
  3288 | D        | Noticed Rupert
  3290 | D        | Killed Rupert
  3290 | D        | Reached skill level 20 in Stealth
  3316 | D        | Noticed a death yak
  3317 | D        | Noticed a death yak
  3317 | D        | Noticed a blink frog
  3318 | D        | Noticed an azure jelly
  3318 | D        | Noticed a death yak
  3318 | D        | Noticed an azure jelly
  3318 | D        | Noticed a blink frog
  3318 | D        | Noticed a death yak
  3319 | D        | Killed a death yak
  3320 | D        | Killed a blink frog
  3321 | D        | Killed a death yak
  3322 | D        | Noticed a blink frog
  3322 | D        | Noticed a black mamba
  3323 | D        | Killed a death yak
  3324 | D        | Noticed a black mamba
  3325 | D        | Killed a blink frog
  3326 | D        | Killed a blink frog
  3327 | D        | Killed a death yak
  3329 | D        | Killed a black mamba
  3330 | D        | Killed a black mamba
  3359 | D        | Noticed an anaconda
  3360 | D        | Noticed an anaconda
  3360 | D        | Noticed a black mamba
  3360 | D        | Noticed a black mamba
  3361 | D        | Killed an anaconda
  3362 | D        | Noticed a black mamba
  3365 | D        | Killed an anaconda
  3367 | D        | Killed a black mamba
  3367 | D        | Reached skill level 21 in Stealth
  3371 | D        | Killed a black mamba
  3375 | D        | Killed a black mamba
  3470 | D        | Noticed an anaconda
  3470 | D        | Noticed a water moccasin
  3470 | D        | Noticed a water moccasin
  3472 | D        | Killed an anaconda
  3472 | D        | Reached skill level 10 in Invocations
  3473 | D        | Killed a water moccasin
  3478 | D        | Killed a water moccasin
  3513 | D        | Noticed a water moccasin
  3513 | D        | Noticed a black mamba
  3513 | D        | Noticed an anaconda
  3513 | D        | Noticed an anaconda
  3513 | D        | Noticed a black mamba
  3513 | D        | Noticed a water moccasin
  3515 | D        | Killed an anaconda
  3516 | D        | Killed an anaconda
  3516 | D        | Reached XP level 13. HP: 55/55 MP: 35/35
  3524 | D        | Killed a black mamba
  3526 | D        | Killed a black mamba
  3528 | D        | Killed a water moccasin
  3530 | D        | Killed a water moccasin
  3598 | D        | Noticed a naga
  3598 | D        | Noticed a naga
  3599 | D        | Noticed a naga warrior
  3599 | D        | Noticed a greater naga
  3599 | D        | Found Ropnulir's Jewellery Boutique.
  3599 | D        | Found Ycritoal's Distillery.
  3600 | D        | Killed a naga
  3601 | D        | Killed a naga
  3602 | D        | Found Zunkafo's Antique Armour Shop.
  3603 | D        | Killed a greater naga
  3604 | D        | Killed a naga warrior
  3618 | D        | Noticed a guardian serpent
  3620 | D        | Killed a guardian serpent
  3622 | D        | Got a serpentine rune of Zot
  3700 | D        | Noticed an azure jelly
  3700 | D        | Noticed an azure jelly
  3701 | D        | Noticed an elephant
  3701 | D        | Noticed an elephant
  3701 | D        | Noticed a dire elephant
  3701 | D        | Noticed a dire elephant
  3701 | D        | Noticed Gastronok
  3703 | D        | Killed Gastronok
  3703 | D        | Reached skill level 22 in Stealth
  3704 | D        | Killed a dire elephant
  3714 | D        | Killed a dire elephant
  3721 | D        | Killed an elephant
  3726 | D        | Killed an elephant
  3883 | D        | Found Nuxo's Jewellery Boutique.
  3883 | D        | Noticed an orc sorcerer
  3883 | D        | Noticed an orc priest
  3883 | D        | Noticed an orc priest
  3884 | D        | Noticed an orc wizard
  3884 | D        | Noticed an orc warrior
  3884 | D        | Noticed an orc warrior
  3884 | D        | Noticed an orc wizard
  3884 | D        | Noticed an orc priest
  3884 | D        | Noticed an orc high priest
  3885 | D        | Killed an orc priest
  3894 | D        | Killed an orc wizard
  3900 | D        | Killed an orc sorcerer
  3911 | D        | Killed an orc priest
  3916 | D        | Killed an orc priest
  3922 | D        | Killed an orc warrior
  3941 | D        | Slain by a sixfirhy

Vault maps used:
D:        dungeon_sprint_mu

Action                   |  1- 3 |  4- 6 |  7- 9 | 10-12 | 13-15 || total
-------------------------+-------+-------+-------+-------+-------++-------
Melee: Dagger            |    44 |    31 |    31 |   137 |    64 ||   307
 Cast: Corona            |     6 |     1 |       |       |       ||     7
       Ensorcelled Hiber |     7 |     1 |    27 |    62 |     6 ||   103
       Dazzling Spray    |       |    10 |     3 |    14 |    13 ||    40
       Tukima's Dance    |       |       |       |       |     1 ||     1
Invok: Shadow Step       |       |       |       |    15 |     4 ||    19
  Use: Scroll            |     4 |       |       |       |       ||     4
       Potion            |     2 |       |       |       |       ||     2
 Stab: Sleeping          |     5 |     4 |    25 |    70 |    14 ||   118
       Invisible         |       |       |       |     2 |     5 ||     7
  Eat: Bread ration      |       |       |       |     1 |       ||     1
